 Dungeon Crawl Stone Soup version 0.26-a0-812-g31a745ddcd (webtiles) character file.

Game seed: 11879359096326930363

44 salade2fruit the Chiller (level 3, 0/21 HPs)
             Began as an Octopode Ice Elementalist on Nov 19, 2020.
             Slain by a gnoll
             ... wielding a +0 club
              (9 damage)
             ... on level 2 of the Dungeon.
             The game lasted 00:03:52 (1184 turns).

salade2fruit the Chiller (OpIE)                     Turns: 1184, Time: 00:03:52

Health: 0/21       AC:  1    Str:  7    XL:     3   Next: 60%
Magic:  6/6        EV: 13    Int: 18    God:
Gold:   67         SH:  0    Dex: 12    Spells: 5/6 levels left

rFire    . . .     SeeInvis .   j - +0 trident (freeze)
rCold    . . .     Faith    .   (no shield)
rNeg     . . .     Spirit   .   (helmet restricted)
rPois    .         Reflect  .   (no amulet)
rElec    .         Harm     .   (no ring)
rCorr    .         Rampage  .   (no ring)
MR       .....                  (no ring)
Stlth    +++.......             (no ring)
HPRegen  0.07/turn              (no ring)
MPRegen  0.10/turn              (no ring)
                                (no ring)
                                (no ring)

@: no status effects
A: almost no armour, stealthy swim, amphibious, 8 rings, constrict 8, camouflage
1, gelatinous body 1
a: no special abilities


You were on level 2 of the Dungeon.
You visited 1 branch of the dungeon, and saw 2 of its levels.

You collected 67 gold pieces.

Inventory:

Hand Weapons
 j - a +0 trident of freezing (weapon)
Jewellery
 b - an uncursed amulet of magic regeneration {unknown}
Scrolls
 a - a scroll of immolation {unknown}
 e - 2 scrolls of teleportation {unknown}
 g - 2 scrolls of identify {unknown}
 i - a scroll of amnesia {unknown}
Potions
 c - a potion of curing {unknown}
 d - 2 potions of magic {unknown}
 f - a potion of invisibility {unknown}
 h - a potion of mutation {unknown}
 k - a potion of haste {unknown}


   Skills:
 + Level 0.1 Fighting
   Level 0.2 Short Blades
 - Level 0.4 Polearms
 - Level 2.0 Dodging
 - Level 2.8 Stealth
 + Level 2.2 Spellcasting
 + Level 4.8 Ice Magic


You had 5 spell levels left.
You knew the following spells:

 Your Spells              Type           Power        Failure   Level
a - Freeze                Ice            ###.         2%          1

Your spell library contained the following spells:

 Spells                   Type           Power        Failure   Level
 Frozen Ramparts          Ice            ###...       7%          3
 Ozocubu's Armour         Ice            ###.....     7%          3
 Hailstorm                Conj/Ice       ##......     54%         4
 Summon Ice Beast         Ice/Summ       ##......     54%         4


Dungeon Overview and Level Annotations

Branches:
Dungeon (2/15)

Altars:
Elyvilon


Innate Abilities, Weirdness & Mutations

You cannot wear most types of armour.
You are very stealthy in the water. (Stealth+)
You are amphibious.
You can wear up to eight rings at the same time.
You can use your tentacles to constrict eight enemies at once.
Your skin changes colour to match your surroundings (Stealth+).
Your rubbery body absorbs attacks. (AC +1, EV +1)


Message History

Okay, then.
The gnoll shouts! x2
There are monsters nearby!
You reach to attack!
The gnoll shouts!
You hit the gnoll. You freeze the gnoll.
The gnoll is lightly wounded.
The gnoll completely misses you.
You reach to attack!
You barely miss the gnoll.
The gnoll is lightly wounded.
The gnoll closely misses you. The gnoll barely misses you.
You reach to attack!
You barely miss the gnoll.
The gnoll hits you from afar with a +0 halberd!
Ouch! That really hurt!
The gnoll shouts!
You see here 22 arrows.
There is a stone staircase leading up here.
The gnoll hits you with a +0 club!
You die...

.# ######.## ##.#. ## ##....g.#
#... # ##..###### #..# ###
###..## #..# . .)#####.gg##
#..# ..
..........###########..####.###
#..#....#......................
##....###########..(..†........
####...# ##..##@...###########
.###.#.####..ggg.#.##
...........(#..###.#
.###.#......##.....#
.##..##...[#######.#
.##.###.##..# ##..#
....###.###)####...# ..#.....#
#....#.#.## ....#####
####...#..##


You could see 3 gnolls.

Vanquished Creatures
  2 adders (D:2)
  A worm (D:2)
  A leopard gecko (D:1)
  5 bats
  A giant cockroach (D:1)
  4 goblins
  2 hobgoblins
  4 frilled lizards
  A kobold (D:1)
  3 rats
24 creatures vanquished.

Notes
Turn   | Place    | Note
-------+----------+-------------------------------------------
     0 | D:1      | salade2fruit the Octopode Ice Elementalist began the quest
                  | for the Orb.
     0 | D:1      | Reached XP level 1. HP: 11/11 MP: 3/3
   348 | D:1      | Reached XP level 2. HP: 17/17 MP: 0/5
   785 | D:2      | Found a white marble altar of Elyvilon.
   798 | D:2      | Reached XP level 3. HP: 19/21 MP: 6/6
  1184 | D:2      | Slain by a gnoll

Illustrated notes

Levels and vault maps discovered:
D:1:      lightli_molten_gateway, layout_basic, hex_intersection
D:2:      layout_rooms, old_standard_altar, elyvilon_altar_4

Action                   || total
-------------------------++-------
Melee: Unarmed           ||     2
       Constrict         ||     5
       Dagger            ||    18
       Tentacles         ||     3
       Trident           ||    10
 Cast: Freeze            ||    22
 Stab: Sleeping          ||     2
Armor: Skin              ||     5
Dodge: Dodged            ||    30

Table legend: (Time is in decaauts)
 A = Elapsed time spent in this place.
 B = Non-inter-level travel time spent in this place.
 C = Inter-level travel time spent in this place.
 D = Time resting spent in this place.
 E = Time spent auto-exploring this place.
 F = Levels seen in this place.
 G = Mean time per level.
                   A        B        C        D        E       F      G
               +--------+--------+--------+--------+--------+-----+--------+
         Total |   1185 |   1167 |     18 |     38 |    883 |   2 |  592.5 |
       Dungeon |   1185 |   1167 |     18 |     38 |    883 |   2 |  592.5 |
               +--------+--------+--------+--------+--------+-----+--------+

Top non-repeatable levels by time:
     D:1: 734 daAuts
     D:2: 451 daAuts
